 Dungeon Crawl Stone Soup version 0.29.1-12-g30fa7ad0bf (webtiles) character file.

Game seed: 5090691400063277929

106 Lutefisk the Stinger (level 4, -1/40 (42) HPs)
             Began as a Naga Venom Mage on Dec 27, 2022.
             Slain by Crazy Yiuf
             ... wielding a +4 quarterstaff of chaos
              (8 damage)
             ... on level 3 of the Dungeon.
             The game lasted 00:04:58 (769 turns).

Lutefisk the Stinger (Naga Venom Mage)               Turns: 769, Time: 00:04:58

HP:   -1/40 (42)    AC:  2    Str: 10    XL:     4   Next: 84%
MP:   6/7           EV: 10    Int: 15    God:
Gold: 33            SH:  0    Dex: 14    Spells: 0/7 levels left

rFire   . . .      SeeInvis +   i - +0 quarterstaff
rCold   . . .      Faith    .   (shield currently unavailable)
rNeg    . . .      Spirit   .   a - +0 robe
rPois   +          Reflect  .   (no helmet)
rElec   .          Harm     .   (no cloak)
rCorr   +          Rampage  .   (no gloves)
Will    .....                   (no barding)
Stlth   +++.......              (no amulet)
HPRegen 0.13/turn               l - ring of resist corrosion
MPRegen 0.10/turn               (no ring)

@: short of breath, lightly drained, very slow
A: AC +1, large, see invisible, deformed body, poison resistance, slowness 2,
spit poison 1, naga tail 1
a: Spit Poison


You were on level 3 of the Dungeon.
You visited 1 branch of the dungeon, and saw 3 of its levels.

You collected 33 gold pieces.

Inventory:

Hand Weapons
 g - a +0 mace
 i - a +0 quarterstaff (weapon)
Armour
 a - a +0 robe (worn)
Jewellery
 l - a ring of resist corrosion (left hand)
 n - an amulet of guardian spirit
Wands
 k - a wand of roots (11)
Scrolls
 c - 2 scrolls of enchant armour {unknown}
 e - a scroll of identify {unknown}
 f - a scroll of brand weapon {unknown}
 h - 2 scrolls of poison {unknown}
Potions
 b - a potion of magic
 d - a potion of mutation {unknown}
 j - a potion of brilliance {unknown}
 m - a potion of might


   Skills:
 * Level 3.1 Fighting
 - Level 1.6 Dodging
 - Level 4.0 Stealth
 - Level 2.0 Spellcasting
 - Level 1.0 Transmutations
 - Level 5.0 Poison Magic


You couldn't memorise any spells.
You knew the following spells:

 Your Spells              Type           Power      Damage    Failure   Level
a - Sting                 Tmut/Pois      40%        1d5       6%          1
b - Poisonous Vapours     Pois/Air       18%        N/A       12%         2
c - Olgreb's Toxic Radia  Pois           16%        N/A       28%         4

Your spell library contained the following spells:

 Spells                   Type           Power      Damage    Failure   Level
 Mephitic Cloud           Conj/Pois/Air  6%         N/A       32%         3


Dungeon Overview and Level Annotations

Branches:
Dungeon (3/15)

Altars:

Annotations:
D:2 Sigmund
D:3 Crazy Yiuf


Innate Abilities, Weirdness & Mutations

Your serpentine skin is tough. (AC +1)
You have supernaturally acute eyesight. (SInv)
Armour fits poorly on your strangely shaped body.
Your system is resistant to poisons. (rPois)
You cover ground very slowly.
You can spit poison.
You have a snake-like lower body.


Message History

Crazy Yiuf is lightly wounded.
You close the door.
Crazy Yiuf breaks down the door.
Casting: Sting (safe; 6% risk of failure)
Confirm with . or Enter, or press ? or * to list all spells.
Aiming: Sting (safe; 6% risk of failure)
Press: ? - help, Shift-Dir - straight line, f/p - Crazy Yiuf
Aim: Crazy Yiuf, wielding a +4 quarterstaff of chaos and wearing a +0 cloak (moderately wounded, very poisoned, 75% to hit)
The sting hits Crazy Yiuf.
Crazy Yiuf looks even sicker.
Crazy Yiuf is heavily wounded.
Crazy Yiuf grits, "Gnoll!
Peeping sanguine wrapper."
You hit Crazy Yiuf but do no damage.
Crazy Yiuf is moderately wounded.
Crazy Yiuf barely misses you.
You hit Crazy Yiuf.
Crazy Yiuf is heavily wounded.
Crazy Yiuf yells, "Key sow unthinkable!"
Crazy Yiuf barely misses you.
You sock Crazy Yiuf!
Crazy Yiuf is almost dead.
You have got your breath back.
Crazy Yiuf barely misses you.
Crazy Yiuf hits you with a +4 quarterstaff of chaos!
Crazy Yiuf draws strength from your wounds!
You barely miss Crazy Yiuf.
Crazy Yiuf is heavily wounded.
Crazy Yiuf hits you with a +4 quarterstaff of chaos!
You barely miss Crazy Yiuf.
Crazy Yiuf is severely wounded.
Crazy Yiuf cries, "Mountain foot snockshim!"
Crazy Yiuf hits you with a +4 quarterstaff of chaos!
* * * LOW HITPOINT WARNING * * *
You feel drained.
* * * LOW HITPOINT WARNING * * *
Aiming: Spit Poison (1% risk of failure)
Press: ? - help, Shift-Dir - straight line, f/p - Crazy Yiuf
Aim: Crazy Yiuf, wielding a +4 quarterstaff of chaos and wearing a +0 cloak (heavily wounded, very poisoned, 65% to hit)
The splash of poison misses Crazy Yiuf.
Crazy Yiuf cries, "Mama song bush!"
Crazy Yiuf hits you with a +4 quarterstaff of chaos!
You die...

# #....#
##...##
##..##
##'##
#....# #.#
#...## #.#
##.## ##.##
#.## #...##
##.# #....#
## #.##
#...#.....
##@#
##.##.####
#g# #.....#
... ##.####
#...# #.#
#..)# #.#
##### #.#
#.# ### ###
#.# #.#
#####.###.#


You could see Crazy Yiuf (very poisoned).

Vanquished Creatures
  Jessica (D:3)
  Natasha (D:2)
  Terence (D:2)
  An adder (D:2)
  A worm (D:3)
  An endoplasm (D:1)
  3 goblins (D:1)
  3 hobgoblins
  A jackal (D:1)
  A kobold (D:3)
  2 ball pythons
  3 rats
19 creatures vanquished.

Notes
Turn   | Place    | Note
-------+----------+-------------------------------------------
     0 | D:1      | Lutefisk the Naga Venom Mage began the quest for the Orb.
     0 | D:1      | Reached XP level 1. HP: 15/15 MP: 3/3
   375 | D:1      | Reached XP level 2. HP: 21/24 MP: 3/5
   385 | D:1      | Reached skill level 1 in Fighting
   469 | D:2      | Noticed Natasha
   475 | D:2      | Killed Natasha
   476 | D:2      | Reached XP level 3. HP: 24/32 MP: 3/6
   505 | D:2      | Learned a level 2 spell: Poisonous Vapours
   551 | D:2      | Noticed Terence
   579 | D:2      | Killed Terence
   580 | D:2      | Reached XP level 4. HP: 30/42 MP: 1/7
   597 | D:2      | Noticed Sigmund
   639 | D:3      | Noticed Jessica
   646 | D:3      | Killed Jessica
   647 | D:3      | Reached skill level 5 in Poison Magic
   737 | D:3      | Learned a level 4 spell: Olgreb's Toxic Radiance
   755 | D:3      | Found a runed translucent door.
   756 | D:3      | Noticed Crazy Yiuf
   769 | D:3      | Slain by Crazy Yiuf

Illustrated notes

Levels and vault maps discovered:
D:1:      scummos_arrival_simple_crosswalls, layout_rooms
D:2:      layout_loops_ring, uniq_sigmund, uniq_natasha, uniq_terence
D:3:      layout_loops_corners, nicolae_gozag_cash_rules_everything_around_me,
          hellmonk_ecumenical_altar_inner_sanctum, ebering_ghost_disaster_area,
          uniq_jessica, uniq_grinder, uniq_robin, uniq_crazy_yiuf_cottage

Skill      XL: |  1  2  3  4 |
---------------+-------------+-----
Fighting       | 2 3 |  3.1
Stealth        | 4 |  4.0
Poison Magic   | 5 |  5.0
Dodging        | |  1.6
Spellcasting   | |  2.0
Transmutations | |  1.0

Action                   |  1- 3 |  4- 6 || total
-------------------------+-------+-------++-------
Melee: Mace              |     6 |       ||     6
       Unarmed           |     4 |       ||     4
       Quarterstaff      |     4 |    14 ||    18
 Cast: Sting             |    22 |     8 ||    30
       Poisonous Vapours |     1 |     1 ||     2
 Abil: Spit Poison       |     3 |     3 ||     6
Armor: Robe              |     4 |     2 ||     6
Dodge: Dodged            |     9 |     7 ||    16
